 Dungeon Sprint DCSS version 0.27-a0-909-g0721f309d1 (webtiles) character file.

Game seed: 6612893676472535448

833 jestyr24 the Blocker (level 7, -1/73 HPs)
             Began as a Minotaur Fighter on Apr 8, 2021.
             Was the Champion of Jiyva.
             Slain by a demonic crawler (2 damage)
             ... in the Dungeon (Sprint I: "Red Sonja").
             The game lasted 00:04:04 (434 turns).

jestyr24 the Blocker (Minotaur Fighter)              Turns: 434, Time: 00:04:05

Health: -1/73      AC: 12    Str: 23    XL:     7   Next: 65%
Magic:  6/6        EV: 10    Int:  5    God:    Jiyva [******]
Gold:   270        SH: 12    Dex:  7    Spells: 6/6 levels left

rFire    . . .     SeeInvis .   a - +0 long sword
rCold    . . .     Faith    .   c - +0 kite shield
rNeg     . . .     Spirit   .   b - +0 scale mail
rPois    +         Reflect  .   (helmet restricted)
rElec    .         Harm     .   (no cloak)
rCorr    +         Rampage  .   (no gloves)
Will     .....     NoTele   +   (no boots)
Stlth    ..........             (no amulet)
HPRegen  0.22/turn              (no ring)
MPRegen  0.10/turn              (no ring)

@: no status effects
A: horns 2, retaliatory headbutt, hooves 1, iridescent scales 2, clumsy 1,
poison resistance
a: Renounce Religion, Request Jelly, Slimify, Cure Bad Mutation


You were in the Dungeon.
You worshipped Jiyva.
Jiyva was exalted by your worship.
You visited 1 branch You collected 270 gold pieces.

Inventory:

Hand Weapons
 a - a +0 long sword (weapon)
 k - a +2 scythe of protection
Missiles
 m - 8 poisoned darts (quivered)
Armour
 b - a +0 scale mail (worn)
 c - a +0 kite shield (worn)
Scrolls
 j - a scroll of blinking
 l - a scroll of identify {unknown}
Potions
 d - a potion of might
 e - a potion of curing
 f - a potion of heal wounds
 g - a potion of haste
 h - 2 potions of magic
 i - a potion of berserk rage


   Skills:
 + Level 10.5 Fighting
 + Level 10.0 Long Blades
 + Level 10.1 Armour
 + Level 3.8 Dodging
 + Level 0.2 Stealth
 + Level 10.8 Shields


You had 6 spell levels left.
You didn't know any spells.
Your spell library was empty.

Dungeon Overview and Level Annotations

Branches:
Dungeon (1/1)

Altars:
Makhleb
Sif Muna
Vehumet
Wu Jian
Xom
Jiyva
Lugonu


Innate Abilities, Weirdness & Mutations

You have a pair of horns on your head.
You reflexively headbutt those who attack you in melee.
You have large cloven feet.
You are mostly covered in iridescent scales. (AC +4)
You are clumsy. (Dex -2)
Your system is resistant to poisons. (rPois)


Message History

The demonic crawler is moderately wounded.
You hear a distant slurping noise.
Unknown command.
The demonic crawler hits you but does no damage. x2
You block the demonic crawler's attack.
You hit the demonic crawler.
You kick the demonic crawler, but do no damage.
You headbutt the demonic crawler!
The demonic crawler is moderately wounded.
The demonic crawler barely misses you. The demonic crawler hits you.
You block the demonic crawler's attack. The demonic crawler hits you. x2
You block the demonic crawler's attack. x2
The demonic crawler hits you but does no damage.
The demonic crawler barely misses you.
You barely miss the demonic crawler.
The demonic crawler is moderately wounded.
You block the demonic crawler's attack. The demonic crawler misses you.
You block the demonic crawler's attack. The demonic crawler hits you.
The demonic crawler hits you!
* * * LOW HITPOINT WARNING * * *
The demonic crawler hits you.
* * * LOW HITPOINT WARNING * * *
You block the demonic crawler's attack. The demonic crawler hits you.
* * * LOW HITPOINT WARNING * * *
The demonic crawler hits you but does no damage.
The demonic crawler hits you but does no damage.
The demonic crawler closely misses you. x2
There is an open door here.
You hit the demonic crawler but do no damage.
You kick the demonic crawler, but do no damage.
The demonic crawler is moderately wounded.
The demonic crawler hits you.
* * * LOW HITPOINT WARNING * * *
The demonic crawler hits you.
* * * LOW HITPOINT WARNING * * *
The demonic crawler hits you.
* * * LOW HITPOINT WARNING * * *
The demonic crawler hits you but does no damage.
The demonic crawler misses you. The demonic crawler hits you.
You die...

#####################
.)..#..'..#__#..@ss.#
.#..'[.#..'^.'..#s.G##+#
###'#####'#__####...'..#
#..# #.#### #####..+
#### ##.# ## #_.+ +..._#
#_.#+# ##+


You could see 3 demonic crawlers and a neutral floating eye (wandering) (fellow
slime).

Vanquished Creatures
  A kobold demonologist (D)
  A demonic crawler (D)
  A slime creature (D)
  Sigmund (D)
  An ogre (D)
  A jelly (D)
  Ijyb (D)
7 creatures vanquished.

Vanquished Creatures (others)
  A centaur warrior (D)
  7 necrophages (D)
  12 jellies (D)
20 creatures vanquished.

Grand Total: 27 creatures vanquished

Notes
Turn   | Place    | Note
-------+----------+-------------------------------------------
     0 | D        | jestyr24 the Minotaur Fighter began the quest for the Orb.
     0 | D        | Reached XP level 1. HP: 19/19 MP: 0/0
     1 | D        | Noticed Ijyb
    15 | D        | Killed Ijyb
    16 | D        | Reached skill level 5 in Fighting
    16 | D        | Reached skill level 5 in Armour
    16 | D        | Reached skill level 5 in Shields
    16 | D        | Reached XP level 2. HP: 9/29 MP: 1/1
   233 | D        | Noticed an ogre
   237 | D        | Killed an ogre
   238 | D        | Reached skill level 1 in Dodging
   238 | D        | Reached XP level 3. HP: 29/38 MP: 2/2
   238 | D        | Reached XP level 4. HP: 35/45 MP: 3/3
   311 | D        | Noticed Sigmund
   319 | D        | Killed Sigmund
   320 | D        | Reached XP level 5. HP: 54/56 MP: 4/4
   334 | D        | Found an ornate altar of the Wu Jian Council.
   334 | D        | Found a shimmering blue altar of Sif Muna.
   336 | D        | Found a radiant altar of Vehumet.
   342 | D        | Reached XP level 6. HP: 57/62 MP: 5/5
   367 | D        | Found a burning altar of Makhleb.
   367 | D        | Found a viscous altar of Jiyva.
   367 | D        | Found a shimmering altar of Xom.
   367 | D        | Found a corrupted altar of Lugonu.
   367 | D        | Noticed a slime creature
   380 | D        | Killed a slime creature
   382 | D        | Became a worshipper of Jiyva Jufruqir the Shapeless
   390 | D        | Reached * piety under Jiyva
   391 | D        | Reached ** piety under Jiyva
   391 | D        | Reached *** piety under Jiyva
   391 | D        | Gained mutation: Your mind is acute. (Int +2) [Jiyva's
                  | grace]
   391 | D        | Reached **** piety under Jiyva
   392 | D        | Gained mutation: You are partially covered in iridescent
                  | scales. (AC +2) [Jiyva's grace]
   392 | D        | Reached ***** piety under Jiyva
   395 | D        | Noticed a kobold demonologist
   395 | D        | Noticed a floating eye
   395 | D        | Noticed a kobold demonologist
   397 | D        | Killed a centaur warrior
   403 | D        | Gained mutation: Your system is resistant to poisons.
                  | (rPois) [Jiyva's grace]
   404 | D        | Noticed an ice devil
   405 | D        | Reached ****** piety under Jiyva
   405 | D        | Lost mutation: Your mind is acute. (Int +2) [Jiyva's grace]
   405 | D        | Gained mutation: You are mostly covered in iridescent
                  | scales. (AC +4) [Jiyva's grace]
   407 | D        | Noticed a neqoxec
   407 | D        | Slimified a kobold demonologist
   407 | D        | a kobold demonologist changed into a jelly
   407 | D        | Gained mutation: You are clumsy. (Dex -2) [a neqoxec]
   408 | D        | Noticed a sun demon
   413 | D        | Killed a kobold demonologist
   414 | D        | Reached skill level 10 in Fighting
   414 | D        | Reached skill level 10 in Shields
   414 | D        | Reached XP level 7. HP: 50/72 MP: 6/6
   415 | D        | Gained mutation: You have large cloven feet. [Jiyva's
                  | grace]
   420 | D        | Noticed a demonic crawler
   420 | D        | Noticed a demonic crawler
   420 | D        | Noticed a demonic crawler
   420 | D        | Noticed a demonic crawler
   425 | D        | Killed a demonic crawler
   426 | D        | Reached skill level 10 in Long Blades
   426 | D        | Reached skill level 10 in Armour
   434 | D        | HP: 3/73 [demonic crawler (5)]
   434 | D        | HP: 1/73 [demonic crawler (2)]
   434 | D        | Slain by a demonic crawler

Illustrated notes

Levels and vault maps discovered:
D:        dungeon_sprint_1 [red_sonja_temple_1, red_sonja_temple_small_1]

Skill      XL: |  1  2  3  4  5  6  7 |
---------------+----------------------+-----
Fighting       | 5 6 8 10 | 10.5
Long Blades    | 3 4 6 9 10 | 10.0
Armour         | 5 6 8 9 10 | 10.1
Shields        | 5 6 8 10 | 10.8
Dodging        | 1 2 3 |  3.8
Stealth        | |  0.2

Action                   |  1- 3 |  4- 6 |  7- 9 || total
-------------------------+-------+-------+-------++-------
Melee: Long sword        |    17 |    37 |    11 ||    65
       Headbutt          |     2 |     7 |     3 ||    12
       Kick              |       |       |     7 ||     7
Invok: Request Jelly     |       |     1 |       ||     1
       Slimify           |       |     1 |       ||     1
 Stab: Distracted        |       |       |     1 ||     1
Armor: Scale mail        |     3 |    10 |     7 ||    20
Dodge: Dodged            |     6 |     6 |     8 ||    20
Block: Kite shield       |     8 |    27 |    16 ||    51
       Rpst.: Long sword |     3 |     1 |       ||     4

Table legend: (Time is in decaauts)
 A = Elapsed time spent in this place.
 B = Non-inter-level travel time spent in this place.
 C = Inter-level travel time spent in this place.
 D = Time resting spent in this place.
 E = Time spent auto-exploring this place.
 F = Levels seen in this place.
 G = Mean time per level.
                   A        B        C        D        E       F      G
               +--------+--------+--------+--------+--------+-----+--------+
         Total |    449 |    449 |      0 |    278 |     22 |   1 |  449.0 |
       Dungeon |    449 |    449 |      0 |    278 |     22 |   1 |  449.0 |
               +--------+--------+--------+--------+--------+-----+--------+

Top non-repeatable levels by time:
       D: 449 daAuts
